| TOP OF THE 1ST |
|
Pittsburgh Pirates batting - Pitching for Arizona Diamondbacks : RHP Marcus Wolfe
|
|
Pitching: RHP Marcus Wolfe
|
|
|
Batting: RHB Mike Bates
|
0-0: Called Strike 0-1: Foul Ball, location: 2F 0-2: Ball 1-2: Ground out 2-3 (Groundball, 2L, EV 76.9 MPH)
|
|
Batting: RHB David Contreras
|
0-0: Fly out, F8 (Flyball, 8LM, EV 90.6 MPH)
|
|
Batting: SHB Marvin McAleer
|
0-0: Called Strike 0-1: Ground out 4-3 (Groundball, 4, EV 83.8 MPH)
|
| Top of the 1st over - 0 runs, 0 hits, 0 errors, 0 left on base; Pittsburgh 0 - Arizona 0 |
| BOTTOM OF THE 1ST |
|
Arizona Diamondbacks batting - Pitching for Pittsburgh Pirates : RHP Ian Toney
|
|
Pitching: RHP Ian Toney
|
|
|
Batting: RHB Andy Swaim
|
0-0: Ground out 6-3 (Groundball, 6S, EV 80.6 MPH)
|
|
Batting: SHB Andrew Wray II
|
0-0: Ball 1-0: Ball 2-0: Ball 3-0: Called Strike 3-1: Called Strike 3-2: SINGLE (Line Drive, 7S, EV 105.6 MPH)
|
|
Batting: SHB Alec Thorpe
|
0-0: Called Strike 0-1: Ball 1-1: Ball 2-1: Foul Ball, location: 2F 2-2: SINGLE (Groundball, 34D, EV 111.2 MPH) Andrew Wray II to second Runner from 2nd tries for 3rd, SAFE, throw by RF made to third
|
|
Batting: RHB Katilimomi Kelekolio
|
0-0: Ball 1-0: Called Strike 1-1: Foul Ball, location: 2F 1-2: Foul Ball, location: 2F 1-2: Ball 2-2: DOUBLE (Flyball, 8LXD, EV 104.4 MPH) Andrew Wray II scores Alec Thorpe to third
|
|
Batting: SHB Perry Tuckfard
|
0-0: Foul Ball, location: 2F 0-1: Ball 1-1: Swinging Strike 1-2: Ball 2-2: Strikes out looking
|
|
Batting: LHB Armando Carbajal
|
0-0: Swinging Strike 0-1: Ball 1-1: Foul Ball, location: 2F 1-2: Ball 2-2: Strikes out looking
|
| Bottom of the 1st over - 1 run, 3 hits, 0 errors, 2 left on base; Pittsburgh 0 - Arizona 1 |
| TOP OF THE 2ND |
|
Pittsburgh Pirates batting - Pitching for Arizona Diamondbacks : RHP Marcus Wolfe
|
|
Batting: LHB Pat Sutton
|
0-0: Swinging Strike 0-1: Foul Ball, location: 2F 0-2: Ball 1-2: Strikes out looking
|
|
Batting: LHB Theodore Conboy
|
0-0: Called Strike 0-1: Ball 1-1: Foul Ball, location: 2F 1-2: Ball 2-2: Fly out, F9 (Flyball, 9, EV 78.1 MPH)
|
|
Batting: LHB Marc Carter
|
0-0: Ball 1-0: Called Strike 1-1: Ball 2-1: Foul Ball, location: 2F 2-2: Ball 3-2: Foul Ball, location: 2F 3-2: Strikes out swinging
|
| Top of the 2nd over - 0 runs, 0 hits, 0 errors, 0 left on base; Pittsburgh 0 - Arizona 1 |
| BOTTOM OF THE 2ND |
|
Arizona Diamondbacks batting - Pitching for Pittsburgh Pirates : RHP Ian Toney
|
|
Batting: RHB Shiro Suehiro
|
0-0: Ball 1-0: Ball 2-0: SOLO HOME RUN (Flyball, 89XD, EV 110.0 MPH), Distance : 432 ft
|
|
Batting: LHB Bobby Arevalo
|
0-0: Called Strike 0-1: Ground out 4-3 (Groundball, 4D, EV 84.4 MPH)
|
|
Batting: LHB Jeff Densmore
|
0-0: Ball 1-0: Foul Ball, location: 2F 1-1: Ball 2-1: Ball 3-1: Ground out 6-3 (Groundball, 56, EV 91.9 MPH)
|
|
Batting: RHB Andy Swaim
|
0-0: Called Strike 0-1: Ball 1-1: Ball 2-1: Ball 3-1: Base on Balls
|
|
Batting: SHB Andrew Wray II
|
0-0: Swinging Strike 0-1: Called Strike 0-2: Strikes out swinging
|
| Bottom of the 2nd over - 1 run, 1 hit, 0 errors, 1 left on base; Pittsburgh 0 - Arizona 2 |
| TOP OF THE 3RD |
|
Pittsburgh Pirates batting - Pitching for Arizona Diamondbacks : RHP Marcus Wolfe
|
|
Batting: SHB Ben Myers
|
0-0: Foul Ball, location: 2F 0-1: Ball 1-1: Fly out, F7 (Line Drive, 78M, EV 103.8 MPH)
|
|
Batting: SHB Trevor Weareorwear
|
0-0: Ball 1-0: Foul Ball, location: 2F 1-1: Foul Ball, location: 2F 1-2: Strikes out looking
|
|
Batting: SHB Brad Day
|
0-0: Called Strike 0-1: Ball 1-1: Foul Ball, location: 2F 1-2: Ground out 4-3 (Groundball, 34D, EV 90.0 MPH)
|
| Top of the 3rd over - 0 runs, 0 hits, 0 errors, 0 left on base; Pittsburgh 0 - Arizona 2 |
| BOTTOM OF THE 3RD |
|
Arizona Diamondbacks batting - Pitching for Pittsburgh Pirates : RHP Ian Toney
|
|
Batting: SHB Alec Thorpe
|
0-0: Ball 1-0: Foul Ball, location: 2F 1-1: Ball 2-1: Swinging Strike 2-2: Foul Ball, location: 2F 2-2: Strikes out swinging
|
|
Batting: RHB Katilimomi Kelekolio
|
0-0: Fly out, F8 (Flyball, 8RM, EV 93.1 MPH)
|
|
Batting: SHB Perry Tuckfard
|
0-0: Called Strike 0-1: Called Strike 0-2: Fly out, F6 (Popup, 4M, EV 61.2 MPH)
|
| Bottom of the 3rd over - 0 runs, 0 hits, 0 errors, 0 left on base; Pittsburgh 0 - Arizona 2 |
| TOP OF THE 4TH |
|
Pittsburgh Pirates batting - Pitching for Arizona Diamondbacks : RHP Marcus Wolfe
|
|
Batting: RHB Mike Bates
|
0-0: SINGLE (Flyball, 34D, EV 94.4 MPH)
|
|
Batting: RHB David Contreras
|
0-0: Ball 1-0: Ball 2-0: Called Strike 2-1: Ball 3-1: Base on Balls Mike Bates to second
|
|
Batting: SHB Marvin McAleer
|
0-0: Ball 1-0: Ball 2-0: Ball 3-0: Base on Balls Mike Bates to third David Contreras to second
|
|
Batting: LHB Pat Sutton
|
0-0: Ball 1-0: Ground out 6-3 (Groundball, 4MS, EV 77.5 MPH) Mike Bates scores David Contreras to third Marvin McAleer to second
|
|
Batting: LHB Theodore Conboy
|
0-0: Ball 1-0: SINGLE (Line Drive, 8LS, EV 99.4 MPH) David Contreras scores Marvin McAleer to third Runner from 3rd tries for Home, throw by CF and OUT! 8-2
|
|
Batting: LHB Marc Carter
|
0-0: Ball 1-0: Called Strike 1-1: Called Strike Theodore Conboy is caught stealing 2nd base 2-6
|
| Top of the 4th over - 2 runs, 2 hits, 0 errors, 0 left on base; Pittsburgh 2 - Arizona 2 |
| BOTTOM OF THE 4TH |
|
Arizona Diamondbacks batting - Pitching for Pittsburgh Pirates : RHP Ian Toney
|
|
Batting: LHB Armando Carbajal
|
0-0: Ball 1-0: Ball 2-0: Fly out, F6 (Popup, P, EV 88.8 MPH)
|
|
Batting: RHB Shiro Suehiro
|
0-0: Ball 1-0: Called Strike 1-1: DOUBLE (Flyball, 8RXD, EV 90.6 MPH)
|
|
Pitching: RHP Derek White
|
|
|
Batting: LHB Bobby Arevalo
|
0-0: Called Strike Shiro Suehiro steals 3rd base 0-1: Ball 1-1: Ball 2-1: Foul Ball, location: 2F 2-2: Ball 3-2: Base on Balls
|
|
Batting: LHB Jeff Densmore
|
0-0: Ball 1-0: Called Strike 1-1: Foul Ball, location: 2F 1-2: Foul Ball, location: 2F 1-2: Strikes out looking
|
|
Pinch Hitting: SHB Warren Eisner
|
0-0: Ball 1-0: Ground out 4-3 (Groundball, 34, EV 92.5 MPH)
|
| Bottom of the 4th over - 0 runs, 1 hit, 0 errors, 2 left on base; Pittsburgh 2 - Arizona 2 |
| TOP OF THE 5TH |
|
Pittsburgh Pirates batting - Pitching for Arizona Diamondbacks : RHP Marcus Wolfe
|
|
Now at 3B: Warren Eisner
|
|
|
Batting: LHB Marc Carter
|
0-0: Called Strike 0-1: Ball 1-1: Foul Ball, location: 2F 1-2: SOLO HOME RUN (Flyball, 9D, EV 103.1 MPH), Distance : 400 ft
|
|
Batting: SHB Ben Myers
|
0-0: Called Strike 0-1: Foul Ball, location: 2F 0-2: Strikes out looking
|
|
Batting: SHB Trevor Weareorwear
|
0-0: Foul Ball, location: 2F 0-1: Swinging Strike 0-2: Ball 1-2: Ball 2-2: Ball 3-2: DOUBLE (Flyball, 9LD, EV 107.5 MPH)
|
|
Batting: SHB Brad Day
|
0-0: SINGLE (Line Drive, 56D, EV 95.6 MPH) Trevor Weareorwear to third
|
|
Batting: RHB Mike Bates
|
0-0: SINGLE (Line Drive, 78S, EV 100.6 MPH) Trevor Weareorwear scores Brad Day to second
|
|
Pinch Hitting: RHB Eisse Bravenboer
|
0-0: Called Strike 0-1: Ball 1-1: Foul Ball, location: 2F 1-2: Fielders Choice at 2nd, 3-6 (Groundball, 3, EV 103.1 MPH) Brad Day to third
|
|
Pitching: RHP Jarrod Kenny
|
|
|
Pinch Hitting: RHB Raul Mendoza
|
0-0: Ball 1-0: Swinging Strike 1-1: Ball 2-1: Ball 3-1: Called Strike 3-2: Strikes out swinging
|
| Top of the 5th over - 2 runs, 4 hits, 0 errors, 2 left on base; Pittsburgh 4 - Arizona 2 |
| BOTTOM OF THE 5TH |
|
Arizona Diamondbacks batting - Pitching for Pittsburgh Pirates : RHP Derek White
|
|
Pitching: RHP Joreão Zquete
|
|
|
Now at C: Eisse Bravenboer
|
|
|
Now at 3B: Brad Day
|
|
|
Now at SS: Mike Bates
|
|
|
Now in LF: Raul Mendoza
|
|
|
Now in CF: Theodore Conboy
|
|
|
Pinch Hitting: LHB Roy Steigerwald
|
0-0: Ground out 6-3 (Groundball, 6S, EV 63.8 MPH)
|
|
Pinch Hitting: LHB Steve Reinhart
|
0-0: Called Strike 0-1: Ball 1-1: Ball 2-1: Foul Ball, location: 2F 2-2: Strikes out looking
|
|
Pinch Hitting: RHB Jon Solano
|
0-0: Called Strike 0-1: Foul Ball, location: 2F 0-2: Ball 1-2: Foul Ball, location: 2F 1-2: Ball 2-2: Fly out, F1 (Line Drive, P, EV 65.0 MPH)
|
| Bottom of the 5th over - 0 runs, 0 hits, 0 errors, 0 left on base; Pittsburgh 4 - Arizona 2 |
| TOP OF THE 6TH |
|
Pittsburgh Pirates batting - Pitching for Arizona Diamondbacks : RHP Jarrod Kenny
|
|
Pitching: LHP Chris Baran
|
|
|
Now at 2B: Jon Solano
|
|
|
Now at SS: Steve Reinhart
|
|
|
Now in LF: Roy Steigerwald
|
|
|
Batting: RHB Steve Jordan
|
0-0: SINGLE (Line Drive, 8RS, EV 86.2 MPH)
|
|
Pinch Hitting: LHB Micah Boshnjaku
|
0-0: Ball 1-0: Called Strike 1-1: Ball 2-1: SINGLE (Groundball, 6D, EV 95.0 MPH) Steve Jordan to second
|
|
Batting: LHB Marc Carter
|
0-0: Ball 1-0: Ball 2-0: Swinging Strike 2-1: Foul Ball, location: 2F 2-2: Ball 3-2: Strikes out looking
|
|
Pinch Hitting: RHB Andrew Robinson
|
0-0: Ball 1-0: Swinging Strike 1-1: Fielders Choice at 2nd, 1-4 (Groundball, 25, EV 68.8 MPH) Steve Jordan to third
|
|
Batting: SHB Trevor Weareorwear
|
0-0: Foul Ball, location: 2F 0-1: Foul Ball, location: 2F 0-2: Ball 1-2: Ground out U3 (Groundball, 34S, EV 88.8 MPH)
|
| Top of the 6th over - 0 runs, 2 hits, 0 errors, 2 left on base; Pittsburgh 4 - Arizona 2 |
| BOTTOM OF THE 6TH |
|
Arizona Diamondbacks batting - Pitching for Pittsburgh Pirates : RHP Joreão Zquete
|
|
Now at 1B: Andrew Robinson
|
|
|
Now in CF: Micah Boshnjaku
|
|
|
Batting: SHB Perry Tuckfard
|
0-0: Foul Ball, location: 2F 0-1: Ball 1-1: Swinging Strike 1-2: Foul Ball, location: 2F 1-2: Ball 2-2: Ball 3-2: Strikes out looking
|
|
Batting: RHB David Price Jr.
|
0-0: Ball 1-0: Fly out, F6 (Popup, 6MD, EV 61.2 MPH)
|
|
Pinch Hitting: RHB Fabrice Bertin
|
0-0: Swinging Strike 0-1: Called Strike 0-2: Foul Ball, location: 2F 0-2: SOLO HOME RUN (Flyball, 78XD, EV 109.4 MPH), Distance : 433 ft
|
|
Pinch Hitting: RHB Dave Vargas
|
0-0: Ball 1-0: Ball 2-0: Swinging Strike 2-1: Ball 3-1: Swinging Strike 3-2: Foul Ball, location: 2F 3-2: Strikes out swinging
|
| Bottom of the 6th over - 1 run, 1 hit, 0 errors, 0 left on base; Pittsburgh 4 - Arizona 3 |
| TOP OF THE 7TH |
|
Pittsburgh Pirates batting - Pitching for Arizona Diamondbacks : LHP Chris Baran
|
|
Pitching: RHP Bill Pauley
|
|
|
Now at 1B: Dave Vargas
|
|
|
Now in RF: Fabrice Bertin
|
|
|
Batting: SHB Brad Day
|
0-0: Fly out, F9 (Flyball, 9LS, EV 93.8 MPH)
|
|
Batting: RHB Mike Bates
|
0-0: Ball 1-0: Called Strike 1-1: Foul Ball, location: 2F 1-2: Foul Ball, location: 2F 1-2: Ball 2-2: Foul Ball, location: 2F 2-2: Foul Ball, location: 2F 2-2: Ball 3-2: Strikes out swinging
|
|
Batting: RHB Eisse Bravenboer
|
0-0: Ball 1-0: Ball 2-0: Called Strike 2-1: Foul Ball, location: 2F 2-2: Strikes out swinging
|
| Top of the 7th over - 0 runs, 0 hits, 0 errors, 0 left on base; Pittsburgh 4 - Arizona 3 |
| BOTTOM OF THE 7TH |
|
Arizona Diamondbacks batting - Pitching for Pittsburgh Pirates : RHP Joreão Zquete
|
|
Pitching: LHP Jimmy Vanthournoutingtonle
|
|
|
Pinch Hitting: LHB Eric Klasek
|
0-0: Foul Ball, location: 2F 0-1: Foul Ball, location: 2F 0-2: Ball 1-2: Ball 2-2: Ground out U3 (Groundball, 3, EV 87.5 MPH)
|
|
Batting: SHB Warren Eisner
|
0-0: Ball 1-0: Ball 2-0: Swinging Strike 2-1: Fly out, F8 (Flyball, 78D, EV 87.5 MPH)
|
|
Batting: LHB Roy Steigerwald
|
0-0: Ball 1-0: Swinging Strike 1-1: Ball 2-1: Foul Ball, location: 2F 2-2: Strikes out looking
|
| Bottom of the 7th over - 0 runs, 0 hits, 0 errors, 0 left on base; Pittsburgh 4 - Arizona 3 |
| TOP OF THE 8TH |
|
Pittsburgh Pirates batting - Pitching for Arizona Diamondbacks : RHP Bill Pauley
|
|
Pitching: RHP Gerardo Camacho
|
|
|
Now in LF: Eric Klasek
|
|
|
Now in CF: Roy Steigerwald
|
|
|
Batting: RHB Raul Mendoza
|
0-0: Ball 1-0: Ball 2-0: Ball 3-0: Base on Balls
|
|
Batting: RHB Steve Jordan
|
0-0: Foul Ball, location: 2F 0-1: SINGLE (Groundball, 6MD, EV 101.2 MPH) Raul Mendoza to second
|
|
Batting: LHB Micah Boshnjaku
|
0-0: Swinging Strike 0-1: Ball 1-1: Ball 2-1: Ball 3-1: Foul Ball, location: 2F 3-2: Strikes out swinging
|
|
Batting: LHB Marc Carter
|
0-0: Ball 1-0: Ball 2-0: Swinging Strike 2-1: Ball Raul Mendoza is caught stealing 3rd base 2-5 Steve Jordan to second 3-1: Foul Ball, location: 2F 3-2: Foul Ball, location: 2F 3-2: Foul Ball, location: 2F 3-2: Foul Ball, location: 2F 3-2: SINGLE (Groundball, 5S, EV 74.4 MPH) (infield hit) Steve Jordan to third
|
|
Batting: RHB Andrew Robinson
|
0-0: Ball 1-0: Ball 2-0: Foul Ball, location: 2F 2-1: Ball 3-1: Called Strike 3-2: Strikes out swinging
|
| Top of the 8th over - 0 runs, 2 hits, 0 errors, 2 left on base; Pittsburgh 4 - Arizona 3 |
| BOTTOM OF THE 8TH |
|
Arizona Diamondbacks batting - Pitching for Pittsburgh Pirates : LHP Jimmy Vanthournoutingtonle
|
|
Pitching: RHP Kwang-sik Kim
|
|
|
Batting: LHB Steve Reinhart
|
0-0: Ball 1-0: Ground out 6-3 (Groundball, 6, EV 106.2 MPH)
|
|
Batting: RHB Jon Solano
|
0-0: Called Strike 0-1: Ball 1-1: Foul Ball, location: 2F 1-2: Foul Ball, location: 2F 1-2: Ball 2-2: Fly out, F8 (Flyball, 8RXD, EV 73.8 MPH)
|
|
Batting: SHB Perry Tuckfard
|
0-0: Ball 1-0: Called Strike 1-1: Ground out 4-3 (Groundball, 4, EV 88.8 MPH)
|
| Bottom of the 8th over - 0 runs, 0 hits, 0 errors, 0 left on base; Pittsburgh 4 - Arizona 3 |
| TOP OF THE 9TH |
|
Pittsburgh Pirates batting - Pitching for Arizona Diamondbacks : RHP Gerardo Camacho
|
|
Pitching: RHP Nick Burcham
|
|
|
Batting: SHB Trevor Weareorwear
|
0-0: Ball 1-0: Ball 2-0: Called Strike 2-1: Reached on error, E1 (Groundball, 25, EV 64.4 MPH)
|
|
Batting: SHB Brad Day
|
0-0: Sac Bunt to 2R - play at third, runner OUT! 2-5
|
|
Batting: RHB Mike Bates
|
0-0: Called Strike 0-1: Called Strike Brad Day steals 2nd base 0-2: Fly out, F5 (Popup, 5SF, EV 86.2 MPH)
|
|
Pinch Hitting: RHB Vincent Poopwell
|
0-0: Ball 1-0: Foul Ball, location: 2F 1-1: Called Strike 1-2: Ground out 6-3 (Groundball, 6, EV 98.8 MPH)
|
| Top of the 9th over - 0 runs, 0 hits, 1 error, 1 left on base; Pittsburgh 4 - Arizona 3 |
| BOTTOM OF THE 9TH |
|
Arizona Diamondbacks batting - Pitching for Pittsburgh Pirates : RHP Kwang-sik Kim
|
|
Pitching: RHP Jeremy Kennie
|
|
|
Now at C: Vincent Poopwell
|
|
|
Batting: RHB David Price Jr.
|
0-0: Ball 1-0: Foul Ball, location: 2F 1-1: Called Strike 1-2: Ball 2-2: Foul Ball, location: 2F 2-2: Fly out, F3 (Popup, 34, EV 80.0 MPH)
|
|
Pinch Hitting: SHB Salvador Aragon
|
0-0: Called Strike 0-1: Foul Ball, location: 2F 0-2: Ball 1-2: Ball 2-2: Fly out, F7 (Flyball, 7S, EV 94.4 MPH)
|
|
Batting: RHB Dave Vargas
|
0-0: Ball 1-0: Swinging Strike 1-1: Swinging Strike 1-2: Strikes out swinging
|
| Bottom of the 9th over - 0 runs, 0 hits, 0 errors, 0 left on base; Pittsburgh 4 - Arizona 3 |
|